 Dungeon Crawl Stone Soup version 0.27-b1-42-g19c61b19a5 (webtiles) character file.

Game seed: 310467602943952889

2452 infcreate the Covered (level 9, -2/57 HPs)
             Began as a Gargoyle Fighter on July 29, 2021.
             Was a Priest of Okawaru.
             Slain by Joseph (10 damage)
             ... on level 7 of the Dungeon.
             The game lasted 00:19:22 (6359 turns).

infcreate the Covered (Gargoyle Fighter)            Turns: 6359, Time: 00:19:23

Health: -2/57      AC: 28    Str: 27    XL:     9   Next: 50%
Magic:  9/11       EV:  8    Int: 17    God:    Okawaru [***...]
Gold:   355        SH: 18    Dex:  9    Spells: 8/8 levels left

rFire    . . .     SeeInvis .   a - +1 flail
rCold    . . .     Faith    .   c - +0 kite shield
rNeg     + . .     Spirit   .   g - +0 plate armour
rPois    ∞         Reflect  +   b - +2 hat
rElec    +         Harm     .   u - +0 cloak
rCorr    .         Rampage  .   l - +0 pair of gloves
Will     .....                  t - +0 pair of boots
Stlth    ..........             e - amulet of reflection
HPRegen  0.19/turn              S - +6 ring of strength
MPRegen  0.12/turn              I - +6 ring of intelligence

@: heroic
A: sickness immunity, AC +6, negative energy resistance 1, electricity
resistance, torment resistance 1, petrification resistance
a: Renounce Religion, Heroism


You were on level 7 of the Dungeon.
You worshipped Okawaru.
Okawaru was most pleased with you.
You visited 2 branches of the dungeon, and saw 8 of its levels.

You collected 355 gold pieces.


Innate Abilities, Weirdness & Mutations

You are immune to sickness and miasma.
Your stone body is resilient. (AC +6)
You are immune to poison.
You resist negative energy. (rN+)
You are resistant to electric shocks. (rElec)
You are resistant to unholy torment.
You are immune to petrification.


   Skills:
 * Level 7.4(12.4) Fighting
 * Level 6.3(11.3) Maces & Flails
 * Level 7.4(12.4) Armour
 * Level 7.3(12.3) Shields
 + Level 3.1 Invocations


You had 8 spell levels left.
You didn't know any spells.
Your spell library contained the following spells:

 Spells                   Type           Power      Damage    Failure   Level
 Freeze                   Ice            0%         1d3       94%         1
 Frozen Ramparts          Ice            0%         1d2       100%        3
 Ozocubu's Armour         Ice            0%         N/A       100%        3
 Hailstorm                Conj/Ice       0%         3d3       100%        4
 Summon Lightning Spire   Summ/Air       0%         N/A       100%        4
 Ozocubu's Refrigeration  Ice            0%         4d5       100%        7
 Storm Form               Tmut/Air       0%         N/A       100%        7
 Maxwell's Capacitive Co  Air            0%         ∞         100%        8

Inventory:

Hand Weapons
 a - a +1 flail (weapon)
Armour
 b - a +2 hat (worn)
 c - a +0 kite shield (worn)
 g - a +0 plate armour (worn)
 l - a +0 pair of gloves (worn)
 t - a +0 pair of boots (worn)
 u - a +0 cloak (worn)
Jewellery
 e - an amulet of reflection (around neck)
 I - a +6 ring of intelligence (right hand)
 S - a +6 ring of strength (left hand)
Wands
 y - a wand of mindburst (14)
Scrolls
 f - a scroll of fear {unknown}
 h - 2 scrolls of enchant weapon
 i - a scroll of identify {@r1}
 m - 2 scrolls of noise {unknown}
 n - a scroll of amnesia {unknown}
 p - 2 scrolls of magic mapping {unknown}
 w - a scroll of silence {unknown}
 x - a scroll of immolation {unknown}
 A - a scroll of blinking {unknown}
 C - a scroll of summoning {unknown}
Potions
 d - a potion of might
 j - 3 potions of curing {@q1}
 k - 4 potions of lignification {unknown}
 o - a potion of brilliance {unknown}
 q - a potion of invisibility {unknown}
 r - 2 potions of cancellation
 s - 2 potions of heal wounds {unknown}
 v - 2 potions of resistance
 z - 2 potions of mutation {unknown}
 B - a potion of flight {unknown}

Dungeon Overview and Level Annotations

Branches:
Dungeon (7/15)             Temple (1/1) D:4

Altars:
Ashenzari
Cheibriados
Elyvilon
Fedhas
Gozag
Hepliaklqana
Kikubaaqudgha
Makhleb
Nemelex Xobeh
Okawaru
Ru
Sif Muna
Uskayaw
Vehumet
Xom
Yredelemnul
The Shining One

Annotations:
D:7 Joseph

#.# ### #.# #..
...# #.# #.# #..#
#.# #.# #..#
#.####.##### #..#
#..........# #..#
######.###.###.?#
#.# #....@5# #.#
#@# #.#######.#
#.........#
###########


You could see Joseph and a shadow imp.


Message History

Joseph is lightly wounded.
The shadow imp hits you. You block Menkaure's attack.
You block Joseph's attack. The shadow imp gestures at you.
Pain shoots through your body!
* * * LOW HITPOINT WARNING * * *
Joseph says, "I'm here to kill trespassers.
I like my job."
Use which ability? (? or * to list)
Okay, then.
Unknown command.
Use which ability? (? or * to list)
You gain the combat prowess of a mighty hero.
You block Menkaure's attack. x2
You sock Menkaure!
Menkaure is severely damaged.
Menkaure points at you and mumbles some strange words.
Pain shoots through your body!
* * * LOW HITPOINT WARNING * * *
You sock Menkaure!
You destroy Menkaure!
Okawaru accepts your kill. The shadow imp gestures at you.
Pain shoots through your body!
* * * LOW HITPOINT WARNING * * *
Joseph unwields a +0 quarterstaff.
Joseph wields a +0 hunting sling.
Joseph shoots a sling bullet.
The sling bullet hits you!
* * * LOW HITPOINT WARNING * * *
You block the shadow imp's attack.
Joseph unwields a +0 hunting sling.
Joseph wields a +0 quarterstaff.
Joseph hits you with a +0 quarterstaff!
You die...

Skill      XL: |  1  2  3  4  5  6  7  8  9 |
---------------+----------------------------+-----
Fighting       | 4 5 6 7 |  7.4
Armour         | 4 5 6 7 |  7.4
Shields        | 4 5 6 7 |  7.3
Maces & Flails | 3 4 5 6 |  6.3
Invocations    | 2 3 |  3.1

Action                   |  1- 3 |  4- 6 |  7- 9 || total
-------------------------+-------+-------+-------++-------
Melee: Flail             |   162 |   186 |   260 ||   608
Invok: Heroism           |       |       |     2 ||     2
  Use: Scroll            |       |     2 |     2 ||     4
Armor: Plate armour      |    94 |   111 |   120 ||   325
       Scale mail        |     3 |       |       ||     3
Dodge: Dodged            |    20 |    27 |    37 ||    84
Block: Kite shield       |   142 |   174 |   250 ||   566
       Reflection        |     3 |       |     7 ||    10

Levels and vault maps discovered:
D:1:      minmay_arrival_three_doors, layout_loops_cross,
          chequers_ecumenical_altar_island
D:2:      layout_loops_ring, uniq_robin
D:3:      minmay_recursive_quarters, layout_rooms, fedhas_ov_isle_minmay,
          solitary_fountain, minmay_misc_feat_chi
D:4:      layout_rooms, kennysheep_ying_yang, minmay_temple_entry_wispy,
          grunt_ministairs_1, uniq_crazy_yiuf_cottage
D:5:      layout_basic, serial_bayou_lagoon_b
D:6:      layout_rooms, uniq_eustachio, uniq_grinder, uniq_edmund
D:7:      layout_loops_ring, uniq_joseph, uniq_menkaure
Temple:   hc_temple_tempest_star

Notes
Turn   | Place    | Note
-------+----------+-------------------------------------------
     0 | D:1      | infcreate the Gargoyle Fighter began the quest for the Orb.
     0 | D:1      | Reached XP level 1. HP: 14/14 MP: 1/1
   184 | D:1      | Found a faded altar of an unknown god.
   510 | D:1      | Reached XP level 2. HP: 19/19 MP: 2/2
   842 | D:1      | HP: 1/19 [goblin (3)]
  1195 | D:1      | Reached XP level 3. HP: 19/24 MP: 3/3
  1469 | D:2      | Noticed Robin
  1498 | D:2      | Killed Robin
  1851 | D:2      | Reached XP level 4. HP: 25/29 MP: 4/4
  2197 | D:2      | Reached skill level 4 in Fighting
  2255 | D:3      | Reached skill level 4 in Armour
  2255 | D:3      | Reached skill level 4 in Shields
  2327 | D:3      | Reached skill level 3 in Maces & Flails
  2327 | D:3      | Reached XP level 5. HP: 31/33 MP: 5/5
  2685 | D:3      | Found a blossoming altar of Fedhas.
  3265 | D:4      | Noticed a phantom
  3280 | D:4      | Killed a phantom
  3281 | D:4      | Reached XP level 6. HP: 33/39 MP: 6/6
  3473 | D:4      | Found a white marble altar of Elyvilon.
  3519 | D:4      | Found a basalt altar of Yredelemnul.
  3583 | D:4      | Found a staircase to the Ecumenical Temple.
  3591 | Temple   | Entered the Ecumenical Temple
  3692 | Temple   | Became a worshipper of Warmaster Okawaru
  3741 | D:4      | Found a runed translucent door.
  3830 | D:4      | Noticed Crazy Yiuf
  3836 | D:4      | Killed Crazy Yiuf
  3880 | D:5      | Entered Level 5 of the Dungeon
  4003 | D:5      | Noticed a water moccasin
  4015 | D:5      | Killed a water moccasin
  4016 | D:5      | Reached skill level 5 in Fighting
  4016 | D:5      | Reached skill level 4 in Maces & Flails
  4016 | D:5      | Reached skill level 5 in Armour
  4016 | D:5      | Reached skill level 5 in Shields
  4016 | D:5      | Reached XP level 7. HP: 44/44 MP: 7/7
  4464 | D:5      | Reached * piety under Okawaru
  4748 | D:5      | Reached XP level 8. HP: 39/51 MP: 8/8
  4888 | D:6      | Reached skill level 6 in Fighting
  4888 | D:6      | Reached skill level 6 in Armour
  4888 | D:6      | Reached skill level 1 in Invocations
  5042 | D:6      | Reached skill level 5 in Maces & Flails
  5042 | D:6      | Reached skill level 6 in Shields
  5100 | D:6      | Identified 2 potions of resistance
  5133 | D:6      | Noticed Edmund
  5151 | D:6      | Killed Edmund
  5151 | D:6      | Reached ** piety under Okawaru
  5300 | D:6      | Reached skill level 2 in Invocations
  5503 | D:6      | Noticed Eustachio
  5503 | D:6      | Noticed Grinder
  5536 | D:5      | Killed Eustachio
  5537 | D:5      | Reached XP level 9. HP: 56/56 MP: 10/10
  5608 | D:6      | Paralysed by Grinder for 5 turns
  5636 | D:6      | Killed Grinder
  5637 | D:6      | Reached skill level 7 in Fighting
  5637 | D:6      | Reached skill level 7 in Armour
  5637 | D:6      | Reached skill level 7 in Shields
  5865 | D:7      | Reached *** piety under Okawaru
  5866 | D:7      | Reached skill level 6 in Maces & Flails
  5944 | D:7      | Reached skill level 3 in Invocations
  6347 | D:7      | Noticed Joseph
  6348 | D:7      | Noticed Menkaure
  6358 | D:7      | Killed Menkaure
  6359 | D:7      | Slain by Joseph

Vanquished Creatures
  Grinder (D:6)
  Eustachio (D:5)
  Menkaure (D:7)
  A water moccasin (D:5)
  Edmund (D:6)
  An ice beast (D:6)
  2 ogres
  A centaur (D:6)
  2 necrophages (D:6)
  A phantom (D:4)
  3 bullfrogs
  2 scorpions (D:5)
  A wyvern skeleton (D:5)
  5 killer bees (D:7)
  A jelly (D:5)
  A centaur zombie (D:6)
  A bullfrog zombie (D:5)
  3 hounds
  A gnoll shaman (D:6)
  Crazy Yiuf (D:4)
  4 iguanas (D:5)
  2 orc wizards (D:3)
  A hound skeleton (D:4)
  Robin (D:2)
  3 gnolls (D:5)
  3 adders
  A shadow imp (D:6)
  2 white imps
  An adder skeleton (D:4)
  2 worms (D:3)
  A dart slug (D:4)
  12 orcs
  5 bats
  4 endoplasms
  4 giant cockroaches
  18 goblins
  4 hobgoblins
  2 jackals (D:1)
  6 quokkas
  9 ball pythons
  2 frilled lizards
  6 kobolds
  9 rats
133 creatures vanquished.

Vanquished Creatures (others)
  8 plants (D:5)
8 creatures vanquished.

Grand Total: 141 creatures vanquished

Table legend: (Time is in decaauts)
 A = Elapsed time spent in this place.
 B = Non-inter-level travel time spent in this place.
 C = Inter-level travel time spent in this place.
 D = Time resting spent in this place.
 E = Time spent auto-exploring this place.
 F = Levels seen in this place.
 G = Mean time per level.
                   A        B        C        D        E       F      G
               +--------+--------+--------+--------+--------+-----+--------+
         Total |   6637 |   2811 |   3826 |   1291 |      0 |   8 |  829.6 |
       Dungeon |   6514 |   2808 |   3706 |   1291 |      0 |   7 |  930.6 |
        Temple |    122 |      2 |    120 |      0 |      0 |   1 |  122.0 |
               +--------+--------+--------+--------+--------+-----+--------+

Top non-repeatable levels by time:
     D:1: 1347 daAuts
     D:5: 1230 daAuts
     D:2: 950 daAuts
     D:4: 846 daAuts
     D:6: 810 daAuts
     D:3: 792 daAuts
     D:7: 537 daAuts
  Temple: 122 daAuts

Table legend:
 A = Non-vault XP
 B = Vault XP
 C = Vault XP percentage of total XP
 D = Non-vault monster count
 E = Vault monster count
 F = Vault count percentage of total count
                 A         B        C        D         E       F
            +---------+---------+-------+---------+---------+-------
      Total |    2574 |     930 |  26.5 |     107 |      26 |  19.5
            +---------+---------+-------+---------+---------+-------
        D:1 |      36 |       0 |   0.0 |      21 |       0 |   0.0
        D:2 |      28 |      34 |  54.8 |      12 |      11 |  47.8
        D:3 |     109 |       8 |   6.8 |      21 |       5 |  19.2
        D:4 |     164 |      95 |  36.7 |      13 |       6 |  31.6
        D:5 |     887 |     197 |  18.2 |      19 |       1 |   5.0
        D:6 |     803 |     421 |  34.4 |      10 |       2 |  16.7
        D:7 |     547 |     175 |  24.2 |      11 |       1 |   8.3
            +---------+---------+-------+---------+---------+-------
